 Dungeon Crawl Stone Soup version 0.19-a0-994-g3c636f0 (webtiles) character file.

177 4thArraOfDagon the Insei (level 5, 0/38 HPs)
             Began as a Draconian Ice Elementalist on July 16, 2016.
             Slain by a scorpion (6 damage)
             ... on level 6 of the Dungeon.
             The game lasted 00:04:50 (816 turns).

4thArraOfDagon the Insei (DrIE)                      Turns: 816, Time: 00:04:51

Health: 0/38       AC:  5    Str: 11    XL:     5   Next: 30%
Magic:  3/8        EV: 15    Int: 16    God:
Gold:   53         SH:  0    Dex: 11    Spells: 2 memorised, 4 levels left

rFire  . . .     SeeInvis .       - Unarmed
rCold  . . .     Gourm    .     (armour unavailable)
rNeg   . . .     Faith    .     (no shield)
rPois  .         Spirit   .     (helmet restricted)
rElec  .         Dismiss  .     (no cloak)
rCorr  .         Reflect  .     (no gloves)
SustAt .         Harm     .     (no boots)
MR     .....                    (no amulet)
Stlth  ++........               (no ring)
                                k - +3 ring of evasion

@: lethally poisoned (0 -> -7), very slightly contaminated, not resistant to
hostile enchantments, unstealthy
A: unfitting armour, cold-blooded, AC +5
a: no special abilities


You were on level 6 of the Dungeon.
You were not hungry.

You visited 1 branch of the dungeon, and saw 6 of its levels.

You collected 53 gold pieces.

Inventory:

Jewellery
 k - a +3 ring of evasion (left hand)
Scrolls
 e - a scroll of identify
Potions
 c - a potion of berserk rage
 d - a potion of degeneration
 i - a potion of flight
 j - a potion of haste
Books
 a - a book of Frost

   Spells                             Type                      Level
   a - Freeze                         Ice                          1
   b - Throw Frost                    Conjuration/Ice              2
   c - Ozocubu's Armour               Charms/Ice                   3
   d - Throw Icicle                   Conjuration/Ice              4
   e - Summon Ice Beast               Ice/Summoning                4
Comestibles
 b - a bread ration
 f - a meat ration


   Skills:
 - Level 1.7 Dodging
 - Level 1.7 Stealth
 + Level 5.1 Unarmed Combat
 - Level 2.0 Spellcasting
   Level 1.0 Conjurations
 - Level 3.0 Ice Magic


You had 4 spell levels left.
You knew the following spells:

 Your Spells              Type           Power        Failure   Level  Hunger
a - Freeze                Ice            ##..         8%          1    #......
b - Ozocubu's Armour      Chrm/Ice       #.......     34%         3    ###....


Dungeon Overview and Level Annotations

Branches:
Dungeon (6/15)
 Temple: D:4-7

Altars:

Annotations:
D:3 Grinder


Innate Abilities, Weirdness & Mutations

Your plain brown scales are hard. (AC +5)
Your body does not fit into most forms of armour.
You are cold-blooded and may be slowed by cold attacks.


Message History

Confirm with . or Enter, or press ? or * to list all spells.
Aiming: Freeze
Press: ? - help, Shift-Dir - straight line, f/p - scorpion
Aim: a scorpion (lightly wounded)
You miscast Freeze.
You are very lightly contaminated with residual magic.
Nothing appears to happen.
The scorpion stings you!
* * * LOW HITPOINT WARNING * * *
You are lethally poisoned!
The scorpion poisons you!
Casting: Freeze
Confirm with . or Enter, or press ? or * to list all spells.
Aiming: Freeze
Press: ? - help, Shift-Dir - straight line, f/p - scorpion
Aim: a scorpion (lightly wounded)
You freeze the scorpion.
The scorpion is moderately wounded.
* * * LOW HITPOINT WARNING * * *
You feel sick. The scorpion stings you.
You die...

........#####..........#
##......#.....$....#
#.[####............# #..#
###..........# #####.##
#.........[# #....†#
###........##
##.###.######≈..........#
#..##..#...#..[.>.......#
#.##...s@....#..........#
#............#........%.#
#...............#..........#
#......##.......##....<...##
#..##.#.##......####......##
#..#.##.##.......# ########
#. ## #..........#
...#.##..#<......#
.........##.....##


You could see a scorpion.

Vanquished Creatures
  A sky beast (D:6)
  A crimson imp (D:5)
  3 adders
  An ooze (D:2)
  2 dart slugs (D:2)
  A giant gecko (D:3)
  2 hobgoblins
  2 bats
  3 giant newts
  A goblin (D:2)
  4 kobolds
  A rat (D:4)
22 creatures vanquished.

Notes
Turn   | Place    | Note
-------+----------+-------------------------------------------
     0 | D:1      | 4thArraOfDagon the Draconian Ice Elementalist began the quest for the Orb.
     0 | D:1      | Reached XP level 1. HP: 14/14 MP: 3/3
     7 | D:1      | Noticed a worker ant
     7 | D:1      | Noticed a komodo dragon
     7 | D:1      | Noticed a polar bear
     8 | D:1      | Noticed a salamander
    73 | D:2      | Reached skill level 1 in Unarmed Combat
   111 | D:2      | Reached XP level 2. HP: 7/20 MP: 0/5
   115 | D:2      | Reached skill level 2 in Unarmed Combat
   309 | D:3      | Reached XP level 3. HP: 16/26 MP: 6/6
   317 | D:3      | Reached skill level 3 in Unarmed Combat
   340 | D:3      | Noticed Grinder
   340 | D:3      | Paralysed by Grinder for 4 turns
   411 | D:2      | Learned a level 3 spell: Ozocubu's Armour
   477 | D:5      | Entered Level 5 of the Dungeon
   535 | D:4      | Noticed a phantom
   562 | D:6      | Noticed a sky beast
   593 | D:5      | Reached skill level 4 in Unarmed Combat
   593 | D:5      | Reached XP level 4. HP: 27/33 MP: 0/7
   756 | D:6      | Killed a sky beast
   756 | D:6      | Reached skill level 5 in Unarmed Combat
   756 | D:6      | Reached XP level 5. HP: 12/38 MP: 0/8
   816 | D:6      | Slain by a scorpion

Vault maps used:
D:1:      onia_arrival_zoo_common, nrook_mini_vaults
D:3:      ecumenical_altar_2, grunt_ministairs_2, uniq_grinder, uniq_sigmund
D:4:      nemelex_xobeh_ov_fountains_minmay, first_bread, minmay_surrounded,
          uniq_pikel, uniq_robin, uniq_eustachio, uniq_duvessa
D:6:      portal_sewer_entry_d, minmay_misc_feat_tiny

Skill      XL: |  1  2  3  4 |
---------------+-------------+-----
Unarmed Combat | 1 2 4 5 |  5.1
Dodging        | |  1.7
Stealth        | |  1.7
Spellcasting   | |  2.0
Conjurations   | |  1.0
Ice Magic      | |  3.0

Action                   |  1- 3 |  4- 6 || total
-------------------------+-------+-------++-------
Melee: Unarmed           |    49 |       ||    49
       Tailslap          |     4 |       ||     4
 Cast: Freeze            |    29 |    13 ||    42
  Use: Scroll            |       |     7 ||     7
  Eat: Pizza             |       |     1 ||     1
Armor: Skin              |    25 |     4 ||    29
Dodge: Dodged            |    48 |     8 ||    56
